cohdb
Replays
Latest Replays
All Replays
Popular Replays
Top Player Replays
Match Explorer
How It Works
Community
CoH3 Stats
Reddit
Sign in to upload your games and track your stats! →
Sign in with Steam
Match 45787599
Unlisted
Match 45787599
Overview
Messages
Build Orders
End
Construct Infanterie Kompanie
Selects Terror Battlegroup
Selects Heavy Gunnery
Grenadier Squad
MG 42 Machine Gun Team
Grenadier Squad
Kettenkrad Recon Vehicle
Construct Luftwaffe Kompanie
221 Scout Car
Pioneer Squad
Jäger Squad
Luftwaffe Officer Quarters
Infanterie Officer Quarters
Selects Defend the Fatherland
Bobr
Callsign: "Clowndog Zulu"
Clowndog Kilo Papa 'Kpen'
DebaKLeTV
HAKA
dad81ace
오렌지플래닛
kyle777
0
0
Comments
sign in to comment!
No comments posted yet!